 Dungeon Crawl Stone Soup version 0.32-a0-540-g866d13106e (webtiles) character file.

Game seed: 5788608077557045246

252 grandjackal the Ducker (level 5, 0/42 HPs)
             Began as a Demonspawn Gladiator on Feb 29, 2024.
             Killed from afar by a steam dragon (6 damage)
             ... with a ball of steam
             ... on level 4 of the Dungeon.
             The game lasted 00:02:22 (2717 turns).

grandjackal the Ducker (Demonspawn Gladiator)       Turns: 2717, Time: 00:02:23

Health: 0/42       AC:  8    Str: 15    XL:     5   Next: 89%
Magic:  5/5        EV: 11    Int:  8    God:
Gold:   141        SH:  5    Dex: 16    Spells: 4/4 levels left

rFire   . . .        j - +1 short sword (venom)
rCold   . . .        (no shield)
rNeg    . . .        v - +0 scale mail
rPois   .            c - +0 helmet
rElec   .            (no cloak)
rCorr   .            l - +0 pair of gloves
SInv    .            (no boots)
Will    .....        s - amulet of reflection Stlth
                     (no ring)
HPRegen 0.27/turn    (no ring)
MPRegen 0.09/turn

%: reflection
@: no status effects
A: demonic touch 1
a: no special abilities


You were on level 4 of the Dungeon.
You visited 1 branch of the dungeon, and saw 4 of its levels.

You collected 141 gold pieces.

Inventory:

Hand Weapons
 a - a +0 long sword
 j - a +1 short sword of venom (weapon)
Missiles
 d - a throwing net (quivered)
 e - a javelin
 k - 2 curare-tipped darts
Armour
 c - a +0 helmet (worn)
 l - a +0 pair of gloves (worn)
 t - a scarf of invisibility
 v - a +0 scale mail (worn)
Jewellery
 s - an amulet of reflection (around neck)
Wands
 w - a wand of roots (5)
Scrolls
 f - a scroll of amnesia {unknown}
 h - 2 scrolls of enchant weapon {unknown}
 o - 2 scrolls of teleportation {unknown}
 q - 2 scrolls of fear {unknown}
 r - 2 scrolls of immolation {unknown}
 u - 3 scrolls of identify {unknown}
 y - a scroll of fog {unknown}
Potions
 b - a potion of heal wounds {unknown}
 g - 2 potions of brilliance {unknown}
 i - 3 potions of magic {unknown}
 m - 2 potions of degeneration {unknown}
 n - 3 potions of cancellation {unknown}
 p - a potion of mutation {unknown}
 x - a potion of lignification {unknown}


   Skills:
 + Level 3.9 Fighting
 - Level 2.8 Long Blades
 - Level 2.0 Throwing
 + Level 4.0 Dodging
 + Level 2.6 Unarmed Combat


You had 4 spell levels left.
You didn't know any spells.
Your spell library was empty.

Dungeon Overview and Level Annotations

Branches:
Dungeon (4/15)
 Temple: D:4-7

Altars:
Ru
Sif Muna


Innate Abilities, Weirdness & Mutations

Your touch may inflict minor irresistible damage on your foes.


Message History

y - a scroll labelled PUSAFYNERO
r - 2 scrolls labelled GULLOL OJON (gained 1)
h - 2 scrolls labelled FIRELA ETSAD (gained 1)
Found a stone staircase leading down.
There is a stone staircase leading down here.
An iguana and a steam dragon come into view.
The steam dragon hisses angrily.
The iguana closely misses you.
You hit the iguana but do no damage.
The iguana is poisoned.
You block the iguana's attack.
You hit the iguana.
The iguana looks as sick as possible!
You touch the iguana.
The iguana is severely wounded.
The iguana bites you!
You hit the iguana but do no damage.
The iguana looks as sick as possible!
You touch the iguana.
You kill the iguana!
The steam dragon breathes steam at you. The ball of steam hits you!
You are engulfed in a cloud of scalding steam.
You are engulfed in a cloud of scalding steam.
You are engulfed in a cloud of scalding steam.
The steam dragon breathes steam at you. The ball of steam hits you!
* * * LOW HITPOINT WARNING * * *
Throw: 3 throwing nets
Press: ? - help, Q - select action, (/) - cycle Shift-Dir - straight line, f - steam dragon
Aim: a steam dragon (catching its breath, 59% to hit)
You throw a throwing net.
The throwing net barely misses the steam dragon.
An endoplasm comes into view.
Throw: 2 throwing nets
Press: ? - help, Q - select action, (/) - cycle Shift-Dir - straight line, f/p - steam dragon
Aim: a steam dragon (catching its breath, 59% to hit)
You throw a throwing net. The throwing net hits the steam dragon.
The steam dragon is caught in the net!
The steam dragon struggles against the net.
The steam dragon struggles against the net.
The steam dragon breathes steam at you. The ball of steam hits you.
You die...

### #.. ..# #.#
#.# #.# #.# #.#
#.# #.# #.# #
#§# #.#
..###.####.###.#
.....(.J.§.D§§@#
......####§###.#
#.... ...# #.#
#### ##### #.#
#.# #.# #.# #.#
#.#


There were no monsters in sight!

Vanquished Creatures
  An ogre (D:4)
  A hound (D:4)
  An iguana (D:4)
  Robin (D:3)
  4 adders
  2 dart slugs (D:1)
  2 ribbon worms
  An orc (D:4)
  8 ball pythons
  5 endoplasms
  2 giant cockroaches (D:1)
  14 goblins
  5 hobgoblins
  2 kobolds
  2 quokkas (D:2)
  2 bats
  A frilled lizard (D:3)
  4 rats
58 creatures vanquished.

Notes
Turn   | Place    | Note
-------+----------+-------------------------------------------
     0 | D:1      | grandjackal the Demonspawn Gladiator began the quest for
                  | the Orb.
     0 | D:1      | Reached XP level 1. HP: 16/16 MP: 1/1
    77 | D:1      | Gained mutation: Your touch may inflict minor irresistible
                  | damage on your foes. [demonic ancestry]
    77 | D:1      | Reached XP level 2. HP: 14/22 MP: 2/2
   786 | D:2      | Reached skill level 3 in Dodging
   867 | D:2      | Reached XP level 3. HP: 28/28 MP: 3/3
   897 | D:2      | Found a faded altar of an unknown god.
  1021 | D:2      | Reached skill level 1 in Unarmed Combat
  1723 | D:3      | Noticed Robin
  1726 | D:3      | Reached XP level 4. HP: 34/34 MP: 4/4
  1740 | D:3      | Killed Robin
  2141 | D:3      | Found a sacrificial altar of Ru.
  2341 | D:3      | Found a shimmering blue altar of Sif Muna.
  2499 | D:4      | Reached XP level 5. HP: 35/41 MP: 5/5
  2612 | D:4      | Noticed an ogre
  2631 | D:4      | Killed an ogre
  2632 | D:4      | Reached skill level 4 in Dodging
  2700 | D:4      | Noticed a steam dragon
  2717 | D:4      | Killed from afar by a steam dragon

Illustrated notes

Levels and vault maps discovered:
D:1:      saegor_arrival_simple_b, layout_basic, glass_columns_c
D:2:      layout_loops_ring, basic_ecumenical_altar
D:3:      layout_basic, lemuel_round_altar, nicolae_ru_great_annihilating_truth,
          uniq_robin
D:4:      layout_basic

Skill      XL: |  1  2  3  4  5 |
---------------+----------------+-----
Throwing       | 2 |  2.0
Dodging        | 3 4 |  4.0
Unarmed Combat | 1 2 |  2.6
Fighting       | 3 |  3.9
Long Blades    | |  2.8

Action                     |  1- 3 |  4- 6 || total
---------------------------+-------+-------++-------
  Melee: Long sword        |    25 |       ||    25
         Short sword       |    50 |    56 ||   106
         Touch             |     9 |     9 ||    18
  Throw: Throwing net      |       |     2 ||     2
   Stab: Sleeping          |     3 |     1 ||     4
         Invisible         |       |     1 ||     1
         Paralysed         |       |     1 ||     1
 Armour: Leather armour    |    26 |    18 ||    44
         Scale mail        |       |    15 ||    15
  Dodge: Dodged            |    38 |    13 ||    51
  Block: Other             |     3 |    12 ||    15

Table legend: (Time is in decaauts)
 A = Elapsed time spent in this place.
 B = Non-inter-level travel time spent in this place.
 C = Inter-level travel time spent in this place.
 D = Time resting spent in this place.
 E = Time spent auto-exploring this place.
 F = Levels seen in this place.
 G = Mean time per level.
                   A        B        C        D        E       F      G
               +--------+--------+--------+--------+--------+-----+--------+
         Total |   2714 |   2571 |    143 |     81 |   2094 |   4 |  678.5 |
       Dungeon |   2714 |   2571 |    143 |     81 |   2094 |   4 |  678.5 |
               +--------+--------+--------+--------+--------+-----+--------+

Top non-repeatable levels by time:
     D:3: 855 daAuts
     D:1: 766 daAuts
     D:2: 753 daAuts
     D:4: 338 daAuts
